 Dungeon Crawl Stone Soup version 0.26.0-10-g1f06aea511 (webtiles) character file.

Game seed: 13360368741425647445

45 dohliylev the Skirmisher (level 3, -7/24 HPs)
             Began as a Gargoyle Fighter on Jan 17, 2021.
             Mangled by Crazy Yiuf
             ... wielding a +4 quarterstaff of chaos
              (10 damage)
             ... on level 2 of the Dungeon.
             The game lasted 00:02:22 (1706 turns).

dohliylev the Skirmisher (Gargoyle Fighter)         Turns: 1706, Time: 00:02:23

Health: -7/24      AC: 10    Str: 20    XL:     3   Next: 64%
Magic:  0/3        EV:  7    Int:  8    God:
Gold:   111        SH:  9    Dex:  9    Spells: 2/2 levels left

rFire    . . .     SeeInvis .   a - +0 flail
rCold    . . .     Faith    .   c - +0 kite shield
rNeg     + . .     Spirit   +   b - +0 scale mail
rPois    ∞         Reflect  .   (no helmet)
rElec    +         Harm     .   (no cloak)
rCorr    .         Rampage  .   (no gloves)
Will     .....                  (no boots)
Stlth    ..........             h - amulet of guardian spirit
HPRegen  0.08/turn              (no ring)
MPRegen  0.08/turn              (no ring)

@: hasted, very quick
A: negative energy resistance 1, electricity resistance, unbreathing,
petrification resistance, miasma immunity, AC +3
a: no special abilities


You were on level 2 of the Dungeon.
You visited 1 branch of the dungeon, and saw 2 of its levels.

You collected 111 gold pieces.

Inventory:

Hand Weapons
 a - a +0 flail (weapon)
Armour
 b - a +0 scale mail (worn)
 c - a +0 kite shield (worn)
Jewellery
 h - an amulet of guardian spirit (around neck)
Wands
 k - a wand of acid (15)
 l - a wand of digging (5)
Scrolls
 g - a scroll of identify {unknown}
 i - a scroll of immolation {unknown}
 j - a scroll of amnesia {unknown}
 m - a scroll of fear {unknown}
Potions
 d - a potion of might
 e - 2 potions of attraction {unknown}
 f - a potion of heal wounds {unknown}


   Skills:
 - Level 4.1 Fighting
 + Level 3.1 Maces & Flails
 - Level 3.2 Armour
 - Level 3.2 Shields


You had 2 spell levels left.
You didn't know any spells.
Your spell library was empty.

Dungeon Overview and Level Annotations

Branches:
Dungeon (2/15)

Altars:

Annotations:
D:2 Crazy Yiuf


Innate Abilities, Weirdness & Mutations

You are resistant to torment.
Your stone body is resilient. (AC +3)
You are immune to poison.
You resist negative energy. (rN+)
You are resistant to electric shocks. (rElec)
You can survive without breathing.
You are immune to petrification.
You are immune to miasma.


Message History

You block Crazy Yiuf's attack.
You closely miss Crazy Yiuf.
Crazy Yiuf is lightly wounded.
Crazy Yiuf closely misses you.
You closely miss Crazy Yiuf.
Crazy Yiuf is lightly wounded.
Crazy Yiuf hits you with a +4 quarterstaff of chaos!
Crazy Yiuf burns you. Crazy Yiuf hits you but does no damage.
You sock Crazy Yiuf!
Crazy Yiuf is severely wounded.
Crazy Yiuf hits you but does no damage.
You completely miss Crazy Yiuf.
Crazy Yiuf is severely wounded.
Crazy Yiuf hits you with a +4 quarterstaff of chaos!
* * * LOW HITPOINT WARNING * * *
You feel yourself speed up.
You closely miss Crazy Yiuf.
Crazy Yiuf is severely wounded.
Crazy Yiuf hits you with a +4 quarterstaff of chaos!
You die...

#..# #.###.##.
#..###<###.##.
#..........##.
######.######. #.# #.
♣♣♣♣♣##.# #. ###
♣♣♣.♣.....######.
#...#♣..♣......##.....
#...g@♣♣♣♣......#.####
#)..#♣♣ ♣♣.......# ###
♣♣########## #.......#
#######.# #.# #.# #..
###


You could see Crazy Yiuf.

Vanquished Creatures
  An adder (D:2)
  An ooze (D:1)
  4 dart slugs
  2 leopard geckos
  2 giant cockroaches
  A goblin (D:2)
  2 hobgoblins
  3 kobolds
  2 bats (D:2)
  5 rats
23 creatures vanquished.

Vanquished Creatures (others)
  6 plants (D:1)
6 creatures vanquished.

Grand Total: 29 creatures vanquished

Notes
Turn   | Place    | Note
-------+----------+-------------------------------------------
     0 | D:1      | dohliylev the Gargoyle Fighter began the quest for the Orb.
     0 | D:1      | Reached XP level 1. HP: 14/14 MP: 1/1
   116 | D:1      | Reached XP level 2. HP: 12/20 MP: 2/2
  1055 | D:2      | Reached skill level 4 in Fighting
  1055 | D:2      | Reached XP level 3. HP: 21/24 MP: 1/3
  1354 | D:2      | Found a runed translucent door.
  1355 | D:2      | Noticed Crazy Yiuf
  1706 | D:2      | Mangled by Crazy Yiuf

Illustrated notes

Levels and vault maps discovered:
D:1:      dpeg_arrival_stonehenge_12_columns, layout_basic, serial_forest,
          infiniplex_forest_clump_double, infiniplex_forest_clump_curved,
          infiniplex_forest_clump_small, infiniplex_forest_clump_large,
          infiniplex_forest_lined_room_3, infiniplex_forest_end_1,
          infiniplex_forest_join
D:2:      layout_loops_ring, uniq_crazy_yiuf_cottage

Skill      XL: |  1  2  3 |
---------------+----------+-----
Fighting       | 4 |  4.1
Maces & Flails | 3 |  3.1
Armour         | |  3.2
Shields        | |  3.2

Action                   || total
-------------------------++-------
Melee: Flail             ||    97
Armor: Scale mail        ||    39
Dodge: Dodged            ||    27
Block: Kite shield       ||    35
